 Dungeon Crawl Stone Soup version 0.30.0-17-ge0270778cf (webtiles) character file.

Game seed: 15080720958911725618

71 Cheops the Digger (level 4, -1/35 HPs)
             Began as an Armataur Earth Elementalist on May 22, 2023.
             Killed by divine providence
             ... invoked by an orc priest
              (12 damage)
             ... on level 3 of the Dungeon.
             The game lasted 00:06:55 (1823 turns).

Cheops the Digger (Armataur Earth Elementalist)     Turns: 1823, Time: 00:06:55

Health: -1/35      AC: 11    Str: 13    XL:     4   Next: 5%
Magic:  2/7        EV:  8    Int: 18    God:
Gold:   87         SH:  0    Dex: 10    Spells: 4/7 levels left

rFire   . . .        a - +0 dagger
rCold   . . .        (no shield)
rNeg    . . .        d - +6 ring mail of the Hall of Blades {rElec}
rPois   +            (no helmet)
rElec   +            (no cloak)
rCorr   .            (no gloves)
SInv    .            (no barding)
Will    .....        (no amulet)
Stlth   +            g - ring of poison resistance
HPRegen 0.25/turn    k - ring of flight
MPRegen 0.10/turn

%: roll
@: flying, very slightly contaminated
A: large, rugged brown scales 3, deformed body, armoured tail, roll, long
tongue, awkward tongue
a: no special abilities


You were on level 3 of the Dungeon.
You visited 1 branch of the dungeon, and saw 3 of its levels.

You collected 87 gold pieces.

Inventory:

Hand Weapons
 a - a +0 dagger (weapon)
 b - a +2 short sword of holy wrath
 f - a +0 short sword
Armour
 d - the +6 ring mail of the Hall of Blades (worn) {rElec}
   (You found it on level 3 of the Dungeon)

   rElec:     It insulates you from electricity.
 j - a +0 robe
Jewellery
 g - a ring of poison resistance (left hand)
 k - a ring of flight (right hand)
Scrolls
 h - a scroll of teleportation
 n - a scroll of torment
 o - a scroll of vulnerability {unknown}
Potions
 c - a potion of mutation
 e - 3 potions of curing {unknown}
 i - a potion of magic
 l - a potion of might
 m - a potion of brilliance


   Skills:
 + Level 1.3 Short Blades
 - Level 1.3 Dodging
 - Level 2.1 Stealth
 - Level 2.0 Unarmed Combat
 - Level 2.0 Spellcasting
 - Level 2.0 Transmutations
 - Level 2.6 Earth Magic


You had 4 spell levels left.
You knew the following spells:

 Your Spells              Type           Power      Damage    Failure   Level
a - Sandblast             Erth           22%        2d7       13%         1
p - Passwall              Tmut/Erth      8%         N/A       22%         2

Your spell library contained the following spells:

 Spells                   Type           Power      Damage    Failure   Level
 Stone Arrow              Conj/Erth      12%        3d7       56%         3
 Petrify                  Tmut/Erth      10%        N/A       83%         4


Dungeon Overview and Level Annotations

Branches:
Dungeon (3/15)

Altars:
Cheibriados

Annotations:
D:2 1 runed translucent door, Crazy Yiuf


Innate Abilities, Weirdness & Mutations

You are completely covered in rugged brown scales. (AC +3, +7% HP)
Armour fits poorly on your strangely shaped body.
You have a long armoured tail.
You roll when moving toward enemies. (Rampage)
Your long tongue fully drains potion bottles. (2x potion effects)
Your tongue gives you trouble enunciating. (1.5x scroll delay)


Message History

Casting: Sandblast (safe; 13% risk of failure)
Confirm with . or Enter, or press ? or * to list all spells.
Aiming: Sandblast (safe; 13% risk of failure)
Press: ? - help, Shift-Dir - straight line, f/p - orc priest
Aim: an orc priest, wielding a +0 flail (heavily wounded, 82% to hit)
The blast of sand hits the orc priest.
The orc priest is severely wounded.
The orc priest calls down the wrath of Beogh upon you.
Pain shoots through your body!
* * * LOW HITPOINT WARNING * * *
Casting: Sandblast (safe; 13% risk of failure)
Confirm with . or Enter, or press ? or * to list all spells.
Aiming: Sandblast (safe; 13% risk of failure)
Press: ? - help, Shift-Dir - straight line, f/p - orc priest
Aim: an orc priest, wielding a +0 flail (severely wounded, 82% to hit)
You miscast Sandblast.
You are very lightly contaminated with residual magic.
Nothing appears to happen.
Casting: Sandblast (safe; 13% risk of failure)
Confirm with . or Enter, or press ? or * to list all spells.
Aiming: Sandblast (safe; 13% risk of failure)
Press: ? - help, Shift-Dir - straight line, f/p - orc priest
Aim: an orc priest, wielding a +0 flail (severely wounded, 82% to hit)
You miscast Sandblast.
Nothing appears to happen.
The orc priest miscasts a cantrip.
You are too injured to fight recklessly!
You are too injured to fight recklessly!
You are too injured to fight recklessly!
You are too injured to fight recklessly!
Casting: Sandblast (safe; 13% risk of failure)
Confirm with . or Enter, or press ? or * to list all spells.
Aiming: Sandblast (safe; 13% risk of failure)
Press: ? - help, Shift-Dir - straight line, f/p - orc priest
Aim: an orc priest, wielding a +0 flail (severely wounded, 82% to hit)
The blast of sand hits the orc priest.
The orc priest is almost dead.
The orc priest completely misses you.
The orc priest mumbles some strange prayers to Beogh against you.
Beogh smites you!
You die...

... #.# ..♣ ..#r# #.#
#.. . #.# #.♣ ♣♣.♣
#.# #.♣... # #.#
#.♣.♣ #. #.####...♣
#.#######.##...♣
#..<....#.#..#......o
#...@.......#######..
+.#....o..###†#
+.........# #.#
.#.#.......# #.#
..#.#.......# #.# ###
#.......###.## ##
####.#.......#
...######.......
###.# #.######


You could see an orc priest.

Vanquished Creatures
  2 dart slugs (D:1)
  2 endoplasms
  4 giant cockroaches (D:1)
  7 goblins
  4 hobgoblins
  10 kobolds
  7 ball pythons
  9 bats
  11 frilled lizards
  11 rats
67 creatures vanquished.

Notes
Turn   | Place    | Note
-------+----------+-------------------------------------------
     0 | D:1      | Cheops the Armataur Earth Elementalist began the quest for
                  | the Orb.
     0 | D:1      | Reached XP level 1. HP: 14/14 MP: 3/3
    26 | D:1      | Reached skill level 1 in Transmutations
   178 | D:1      | Reached XP level 2. HP: 12/21 MP: 2/4
   429 | D:1      | Reached skill level 1 in Unarmed Combat
   519 | D:1      | Reached XP level 3. HP: 27/27 MP: 6/6
   526 | D:1      | Learned a level 2 spell: Passwall
   697 | D:1      | Found a faded altar of an unknown god.
  1343 | D:2      | Found a snail-covered altar of Cheibriados.
  1359 | D:2      | Reached skill level 1 in Short Blades
  1632 | D:2      | Found a runed translucent door.
  1633 | D:2      | Noticed Crazy Yiuf
  1692 | D:3      | Reached XP level 4. HP: 35/35 MP: 7/7
  1696 | D:3      | Identified the +6 ring mail of the Hall of Blades {rElec}
  1823 | D:3      | Killed from afar by an orc priest

Illustrated notes

Levels and vault maps discovered:
D:1:      elethiomel_arrival_diamonds, layout_loops_ring,
          dreamdust_ecumenical_altar_grove, hangedman_decor_slide_cut,
          minivault_25, minmay_lizard_king
D:2:      layout_rooms, basic_altar, uniq_crazy_yiuf_cottage
D:3:      layout_loops_ring, mainiacjoe_overflow_alcove_4,
          mainiacjoe_overflow_large_starburst

Skill      XL: |  1  2  3 |
---------------+----------+-----
Transmutations | 1 2 |  2.0
Spellcasting   | 2 |  2.0
Unarmed Combat | 1 2 |  2.0
Short Blades   | 1 |  1.3
Dodging        | |  1.3
Stealth        | |  2.1
Earth Magic    | |  2.6

Action                     |  1- 3 |  4- 6 || total
---------------------------+-------+-------++-------
  Melee: Unarmed           |    22 |       ||    22
         Tailslap          |    20 |       ||    20
         Short sword       |    83 |       ||    83
         Punch             |     4 |       ||     4
         Dagger            |    57 |     2 ||    59
   Cast: Sandblast         |    20 |     5 ||    25
    Use: Scroll            |     5 |       ||     5
   Stab: Sleeping          |     7 |     1 ||     8
 Armour: Robe              |    73 |       ||    73
         Ring mail         |       |     7 ||     7
  Dodge: Dodged            |    75 |     5 ||    80
